 Dungeon Crawl Stone Soup version 0.23.2-40-g277498a001 (webtiles) character file.

Game seed: 3799953601220377322

263 Emblim88 the Skirmisher (level 5, 0/52 HPs)
             Began as a Minotaur Monk on Oct 19, 2019.
             Killed by nerve-wracking pain
             ... invoked by Grinder
              (9 damage)
             ... on level 4 of the Dungeon.
             The game lasted 00:03:48 (2658 turns).

Emblim88 the Skirmisher (Minotaur Monk)             Turns: 2658, Time: 00:03:49

Health: 0/52       AC: 15    Str: 16 (17) XL:     5   Next: 97%
Magic:  4/4        EV:  8    Int:  5 (7)  God:
Gold:   113        SH:  0    Dex: 12      Spells: 4/4 levels left

rFire    . . .     SeeInvis .   i - +0 mace (protect)
rCold    . . .     Gourm    .   (no shield)
rNeg     . . .     Faith    .   o - +0 chain mail
rPois    .         Spirit   .   (helmet restricted)
rElec    .         Reflect  .   (no cloak)
rCorr    .         Harm     .   (no gloves)
MR       .....                  (no boots)
Stlth    ..........             (no amulet)
HPRegen  0.17/turn              (no ring)
MPRegen  0.09/turn              (no ring)

@: protection aura
A: retaliatory headbutt, horns 2
a: no special abilities


You were on level 4 of the Dungeon.
You were not hungry.

You visited 1 branch of the dungeon, and saw 4 of its levels.

You collected 113 gold pieces.

Inventory:

Hand Weapons
 a - a +0 falchion
 i - a +0 mace of protection (weapon)
Armour
 o - a +0 chain mail (worn)
Scrolls
 b - a scroll of fog {unknown}
 d - a scroll of teleportation {unknown}
 e - 2 scrolls of amnesia {unknown}
 j - a scroll of remove curse
 n - 2 scrolls of identify {unknown}
 p - a scroll of fear {unknown}
 r - a scroll of enchant armour {unknown}
Potions
 f - a potion of heal wounds
 g - 2 potions of curing {unknown}
 h - a potion of brilliance {unknown}
 k - a potion of lignification {unknown}
 l - 2 potions of ambrosia {unknown}
 m - a potion of degeneration
Comestibles
 c - 4 rations
 q - a chunk of flesh


   Skills:
 + Level 7.4 Fighting
 - Level 4.3 Long Blades
 - Level 3.9 Dodging
 - Level 1.5 Stealth


You had 4 spell levels left.
You didn't know any spells.
Your spell library was empty.

Dungeon Overview and Level Annotations

Branches:
Dungeon (4/15)
 Temple: D:4-7

Altars:
Cheibriados
Kikubaaqudgha
Uskayaw
Xom
Zin

Annotations:
D:4 Grinder


Innate Abilities, Weirdness & Mutations

You reflexively headbutt those who attack you in melee.
You have a pair of horns on your head.


Message History

Grinder hits you but does no damage.
You hit Grinder but do no damage. Your headbutt misses Grinder.
Grinder is severely wounded.
Grinder barely misses you.
You hit Grinder. You headbutt Grinder, but do no damage.
Grinder is severely wounded.
Grinder hits you.
* * * LOW HITPOINT WARNING * * *
You writhe in agony.
* * * LOW HITPOINT WARNING * * *
You hit Grinder.
Grinder is almost dead.
Grinder closely misses you. The hound bites you but does no damage.
Grinder barely misses you.
You hit Grinder.
Grinder is almost dead.
The hound bites you but does no damage. Grinder gestures at you.
Pain shoots through your body!
You die...

........... ...........
.. ..... ...#.......
#....... #..........
##<..... ##......... ...
.. . ##........###.. .#
...
###............##.##....
..........# #.†h.......
.........## ##..@5#
........## #...#†.#
........# #>..#.....
.#......######.†##.....#
..........##.#..# ......
...........#....# ##.###
.##.##...#......## .#
###......#.###...## #
.#.........###....#


You could see Grinder and a hound.

Vanquished Creatures
  A howler monkey (D:4)
  An orc priest (D:3)
  A hound (D:2)
  An orc wizard (D:3)
  An iguana (D:4)
  An adder (D:3)
  A shadow imp (D:3)
  2 oozes (D:1)
  A worm (D:2)
  4 leopard geckos
  4 orcs
  7 bats
  5 giant cockroaches
  6 goblins
  6 hobgoblins
  8 jackals
  2 quokkas
  2 ball pythons
  5 frilled lizards
  9 kobolds
  11 rats
79 creatures vanquished.

Notes
Turn   | Place    | Note
-------+----------+-------------------------------------------
     0 | D:1      | Emblim88 the Minotaur Monk began the quest for the Orb.
     0 | D:1      | Reached XP level 1. HP: 19/19 MP: 0/0
    68 | D:1      | Reached XP level 2. HP: 19/27 MP: 1/1
   145 | D:1      | Reached skill level 4 in Fighting
   232 | D:1      | Found a hide-covered altar of Uskayaw.
   234 | D:1      | Found a snail-covered altar of Cheibriados.
   234 | D:1      | Found a sacrificial altar of Ru.
   236 | D:1      | Found an ancient bone altar of Kikubaaqudgha.
   236 | D:1      | Found a glowing silver altar of Zin.
   236 | D:1      | Found a shimmering altar of Xom.
   324 | D:1      | Reached XP level 3. HP: 33/33 MP: 2/2
  1113 | D:2      | Reached skill level 5 in Fighting
  1113 | D:2      | Reached XP level 4. HP: 36/42 MP: 3/3
  1716 | D:3      | Reached skill level 6 in Fighting
  1727 | D:3      | Reached XP level 5. HP: 22/51 MP: 4/4
  2557 | D:4      | Reached skill level 7 in Fighting
  2642 | D:4      | Noticed Grinder
  2658 | D:4      | Killed from afar by Grinder

Skill      XL: |  1  2  3  4  5 |
---------------+----------------+-----
Fighting       | 4 5 6 7 |  7.4
Long Blades    | 4 |  4.3
Dodging        | |  3.9
Stealth        | |  1.5

Action                   |  1- 3 |  4- 6 || total
-------------------------+-------+-------++-------
Melee: Falchion          |    36 |       ||    36
       Headbutt          |    16 |    13 ||    29
       Mace              |    25 |   102 ||   127
  Use: Potion            |       |     2 ||     2
       Scroll            |       |     1 ||     1
 Stab: Sleeping          |     5 |       ||     5
  Eat: Chunk             |     1 |     1 ||     2
       Ration            |       |     1 ||     1
Armor: Robe              |     6 |       ||     6
       Leather armour    |     5 |     4 ||     9
       Chain mail        |       |    65 ||    65
Dodge: Dodged            |    55 |    65 ||   120
       Rpst.: Falchion   |    11 |       ||    11
